 Dungeon Crawl Stone Soup version 0.29.0-15-g675c0067aa (webtiles) character file.

Game seed: 14381554636415584498

29575 qw the Severer (level 13, 0/177 HPs)
             Began as a Minotaur Berserker on Sept 12, 2022.
             Was a Priest of Trog.
             Slain by a black mamba (7 damage)
             ... on level 4 of the Lair of Beasts.
             The game lasted 00:05:02 (16794 turns).

qw the Severer (Minotaur Berserker)                Turns: 16794, Time: 00:05:02

Health: 0/177      AC: 24    Str: 26    XL:     13   Next: 15%
Magic:  21/22      EV:  8    Int:  9    God:    Trog [***...]
Gold:   914        SH: 16    Dex: 11    Spells: 12/12 levels left

rFire   + . .      SeeInvis .   t - +0 morningstar
rCold   + . .      Faith    .   l - +0 kite shield
rNeg    . . .      Spirit   .   d - +0 plate armour
rPois   .          Reflect  +   j - +3 hat of Pondering {ponderous, Will+ MP+10 Int+5}
rElec   .          Harm     .   e - scarf {repulsion}
rCorr   .          Rampage  .   r - +2 pair of gloves {infuse}
Will    +....                   h - +2 pair of boots
Stlth   ..........              c - amulet of reflection
HPRegen 0.39/turn               Y - ring of protection from cold
MPRegen 0.18/turn               v - ring of protection from fire

@: berserking, lethally poisoned (0 -> -24), repel missiles, very quick
A: horns 2, retaliatory headbutt
a: Renounce Religion, Berserk, Trog's Hand


You were on level 4 of the Lair of Beasts.
You worshipped Trog.
Trog was most pleased with you.
You visited 2 branches of the dungeon, and saw 14 of its levels.

You collected 914 gold pieces.


Innate Abilities, Weirdness & Mutations

You have a pair of horns on your head.
You reflexively headbutt those who attack you in melee.


   Skills:
 - Level 12.0 Fighting
 - Level 18.0 Axes
 + Level 10.7 Armour
 - Level 4.7 Dodging
 - Level 12.1 Shields


You had 12 spell levels left.
You didn't know any spells.
Your spell library was empty.

Inventory:

Hand Weapons
 i - a +4 vampiric broad axe
 t - a +0 morningstar (weapon)
Armour
 d - a +0 plate armour (worn)
 e - a scarf of repulsion (worn)
 h - a +2 pair of boots (worn)
 j - the +3 hat of Pondering (worn) {ponderous, Will+ MP+10 Int+5}
   (You took it off Gastronok on level 1 of the Lair of Beasts)

   Int:       It affects your intelligence (+5).
   MP:        It affects your magic capacity (+10).
   Will:      It increases your willpower.
 l - a +0 kite shield (worn)
 r - a +2 pair of gloves of infusion (worn)
Jewellery
 c - an amulet of reflection (around neck)
 m - a ring of protection from cold
 v - a ring of protection from fire (right hand)
 Y - a ring of protection from cold (left hand)
Wands
 u - a wand of digging (8)
Scrolls
 a - 2 scrolls of identify
 b - 6 scrolls of teleportation
Potions
 f - 2 potions of resistance
 g - a potion of heal wounds
 k - 2 potions of might
 n - 4 potions of curing
 o - a potion of haste
 s - 3 potions of mutation

Dungeon Overview and Level Annotations

Branches:
Dungeon (9/15)             Temple (0/1) D:5            Lair (5/5) D:8
 Shoals (0/4) Lair:3        Snake (0/4) Lair:2        Slime (0/5) Lair:4
    Orc: D:9-12

Altars:
Ashenzari
Fedhas
Makhleb
Sif Muna
Uskayaw
Wu Jian
Xom
Yredelemnul
Jiyva

Annotations:
D:6 1 runed translucent door, Crazy Yiuf
D:8 2 runed translucent doors


Message History

The eight-headed hydra bites you but does no damage.
The eight-headed hydra completely misses you.
The eight-headed hydra bites you but does no damage.
You block the eight-headed hydra's attack.
The eight-headed hydra bites you but does no damage.
You block the eight-headed hydra's attack.
The eight-headed hydra bites you but does no damage.
The black mamba bites you but does no damage.
You block the black mamba's attack.
You miss the black mamba.
You feel sick. You block the black mamba's attack. The black mamba bites you.
You are lethally poisoned!
The black mamba poisons you!
You block the eight-headed hydra's attack.
The eight-headed hydra bites you.
You block the eight-headed hydra's attack.
The eight-headed hydra completely misses you.
The eight-headed hydra bites you but does no damage. x4
You barely miss the black mamba. You headbutt the black mamba!
The black mamba is heavily wounded.
You feel extremely sick.
The black mamba bites you but does no damage.
You block the black mamba's attack.
You sock the black mamba! Your headbutt misses the black mamba.
The black mamba is almost dead.
You feel very sick. You block the black mamba's attack.
The black mamba bites you but does no damage.
The eight-headed hydra bites you but does no damage.
The eight-headed hydra bites you!
The eight-headed hydra closely misses you.
You block the eight-headed hydra's attack.
The eight-headed hydra bites you but does no damage. x2
You block the eight-headed hydra's attack.
The eight-headed hydra bites you but does no damage.
You barely miss the black mamba.
The black mamba is almost dead.
You feel very sick. The black mamba bites you!
You die...

..........## #.#
...........#####
###
.....#......##.#
#
.....##......#.#
.....####......#
.....##
#......###
......#
#.#......##
.....P#
###....SS.#
.....##
###..D@.####
.....#
##...%.#.##
.....##
##.....#.#
......#
#......###
......#
#........##
.....P#
###.......#
.....##
#.#......#
######
##########


You could see an eight-headed hydra and 2 black mambas.

Vanquished Creatures
  Gastronok (Lair:1)
  2 hydras
  A catoblepas (Lair:1)
  6 death yaks (Lair:2)
  5 elephants (Lair:4)
  5 black mambas
  7 cane toads
  Maggie (D:6)
  2 torpor snails
  2 rime drakes
  An unseen horror zombie (D:8)
  2 komodo dragons
  A hornet (Lair:2)
  Prince Ribbit (D:6)
  11 blink frogs
  7 dream sheep (Lair:3)
  A snapping turtle (Lair:3)
  3 spriggans (Lair:1)
  18 yaks
  Sigmund (D:4)
  3 wyverns
  A wraith (D:9)
  Eustachio (D:5)
  A basilisk (Lair:2)
  A steam dragon (D:7)
  3 nagas (Lair:2)
  Duvessa (D:5)
  2 orc warriors
  7 water moccasins
  2 black bears (D:5)
  2 hornet zombies (D:8)
  An ice beast (D:6)
  2 sky beasts
  2 ogres
  20 wolves
  4 centaurs
  Blork the orc (D:6)
  4 bullfrogs
  A wyvern zombie (D:8)
  6 necrophages
  2 gnoll sergeants
  3 scorpions
  9 wights (D:8)
  Dowan (D:5)
  An electric eel (Lair:4)
  4 howler monkeys
  6 jellies
  4 orc priests
  4 hounds (D:6)
  An iguana (D:6)
  7 orc wizards
  A scorpion zombie (D:3)
  2 killer bee zombies (D:8)
  6 adders
  15 gnolls
  A shadow imp (D:6)
  A white imp (D:6)
  2 ufetubi
  An adder zombie (D:3)
  2 dart slugs
  28 orcs
  8 ball pythons
  7 endoplasms
  4 giant cockroaches
  2 goblins (D:4)
  5 hobgoblins
  6 kobolds
  2 bats (D:1)
  2 frilled lizards (D:2)
  A giant cockroach zombie (D:3)
  A jackal zombie (D:3)
  4 rats
286 creatures vanquished.

Vanquished Creatures (collateral kills)
  A hydra (Lair:4)
  A cane toad (Lair:3)
2 creatures vanquished.

Vanquished Creatures (others)
  A blink frog (Lair:3)
  5 fungi
  20 plants
  A withered plant (D:8)
27 creatures vanquished.

Grand Total: 315 creatures vanquished

Notes
Turn   | Place    | Note
-------+----------+-------------------------------------------
     0 | D:1      | qw the Minotaur Berserker began the quest for the Orb.
     0 | D:1      | Reached XP level 1. HP: 19/19 MP: 0/0
     0 | D:1      | 0 ||| qw: Version: 0.1-a-119-g272c26d
     0 | D:1      | 0 ||| qw: Game counter: 10823
     0 | D:1      | 0 ||| qw: Always use a shield: true
     0 | D:1      | 0 ||| qw: Do Orc after D:15 true
     0 | D:1      | 0 ||| qw: Do second Lair branch before Depths: true
     0 | D:1      | 0 ||| qw: Lair rune preference: random
     0 | D:1      | 0 ||| qw: Plans: Normal
     0 | D:1      | 0 ||| PLANNING D:1-11
   293 | D:1      | Reached skill level 4 in Axes
   335 | D:1      | Reached XP level 2. HP: 20/26 MP: 1/1
   583 | D:1      | Found a faded altar of an unknown god.
   648 | D:1      | 648 ||| Stepping ~*~*~tactically~*~*~ (hiding).
   750 | D:1      | 750 ||| Stepping ~*~*~tactically~*~*~ (hiding).
   852 | D:1      | 852 ||| Stepping ~*~*~tactically~*~*~ (hiding).
  1075 | D:1      | 1075 ||| UPGRADING to amulet of guardian spirit.
  1080 | D:1      | 1080 ||| READING scroll labelled YBIOSK GAYPP.
  1081 | D:1      | 1081 ||| READING scroll labelled EROXTY ACLAH.
  1082 | D:1      | 1082 ||| READING scroll labelled BAROEH LUTIEME.
  1083 | D:1      | 1083 ||| READING scroll labelled JAMYASIVIS.
  1084 | D:1      | 1084 ||| READING scroll labelled DIDOUWKIOPN.
  1085 | D:1      | 1085 ||| READING scroll labelled IRCHUZ COUHAYXE.
  1086 | D:1      | 1086 ||| Stepping randomly (stuck).
  1087 | D:1      | 1087 ||| Stepping ~*~*~tactically~*~*~ (cloud).
  1093 | D:1      | HP: 6/26 [poisoned by you (poison gas)]
  1430 | D:2      | 1430 ||| STAIRDANCE
  1501 | D:2      | Identified the +10 arbalest of Fee Simple {vorpal, *Slow
                  | rPois rC++ Str+2}
  1629 | D:2      | 1629 ||| Stepping ~*~*~tactically~*~*~ (stealth).
  1657 | D:2      | 1657 ||| DROPPING +0 whip.
  1853 | D:2      | Reached skill level 5 in Axes
  2036 | D:2      | 2036 ||| Stepping ~*~*~tactically~*~*~ (hiding).
  2047 | D:2      | 2047 ||| STAIRDANCE
  2085 | D:1      | 2085 ||| UPGRADING to +0 ring mail.
  2095 | D:1      | 2095 ||| DROPPING +0 animal skin.
  2096 | D:1      | 2096 ||| READING 3 scrolls of identify.
  2096 | D:1      | 2096 ||| IDENTIFYING smoky blue potion
  2097 | D:1      | 2097 ||| READING 2 scrolls of identify.
  2097 | D:1      | 2097 ||| IDENTIFYING bubbling clear potion
  2098 | D:1      | 2098 ||| DROPPING potion of lignification.
  2137 | D:3      | Reached XP level 3. HP: 31/31 MP: 2/2
  2332 | D:3      | Found a basalt altar of Yredelemnul.
  2355 | D:3      | 2355 ||| Stepping ~*~*~tactically~*~*~ (stealth).
  2371 | D:3      | 2371 ||| Stepping ~*~*~tactically~*~*~ (stealth).
  2532 | D:3      | Reached skill level 6 in Axes
  2532 | D:3      | Reached XP level 4. HP: 39/39 MP: 3/3
  2541 | D:3      | Reached ** piety under Trog
  2632 | D:3      | 2632 ||| Stepping ~*~*~tactically~*~*~ (stealth).
  2980 | D:3      | 2980 ||| UPGRADING to scarf of repulsion.
  2985 | D:3      | 2985 ||| UPGRADING to +0 pair of boots.
  2990 | D:3      | 2990 ||| UPGRADING to +0 scale mail.
  3000 | D:3      | 3000 ||| DROPPING +0 ring mail.
  3001 | D:3      | 3001 ||| DROPPING ring of flight.
  3002 | D:3      | 3002 ||| READING 2 scrolls labelled KUUCED WAUHU.
  3007 | D:3      | 3007 ||| READING 3 scrolls of identify.
  3007 | D:3      | 3007 ||| IDENTIFYING grey potion
  3008 | D:3      | 3008 ||| READING 2 scrolls of identify.
  3008 | D:3      | 3008 ||| IDENTIFYING bubbling pink potion
  3022 | D:4      | Found a broken altar of Ashenzari.
  3027 | D:4      | 3027 ||| INVOKING Berserk.
  3043 | D:4      | 3043 ||| FLEEEEING.
  3044 | D:4      | 3044 ||| FLEEEEING.
  3045 | D:4      | 3045 ||| STAIRDANCE
  3105 | D:4      | 3105 ||| Stepping ~*~*~tactically~*~*~ (stealth).
  3125 | D:4      | 3125 ||| Stepping ~*~*~tactically~*~*~ (hiding).
  3126 | D:4      | 3126 ||| Stepping ~*~*~tactically~*~*~ (hiding).
  3296 | D:4      | 3296 ||| Stepping ~*~*~tactically~*~*~ (stealth).
  3297 | D:4      | Noticed Sigmund
  3298 | D:4      | 3298 ||| Stepping ~*~*~tactically~*~*~ (hiding).
  3305 | D:4      | 3305 ||| DRINKING potion of curing.
  3305 | D:4      | 3305 ||| (to cure confusion)
  3306 | D:4      | 3306 ||| INVOKING Berserk.
  3310 | D:4      | Killed Sigmund
  3311 | D:4      | Reached skill level 8 in Axes
  3311 | D:4      | Reached XP level 5. HP: 45/45 MP: 4/4
  3311 | D:4      | Reached XP level 6. HP: 51/51 MP: 5/5
  3537 | D:4      | Identified the +3 leather armour "Buoc" {Will+ Str+2 Int-5}
  3596 | D:4      | 3596 ||| INVOKING Berserk.
  3766 | D:4      | 3766 ||| SWAPPING to +0 war axe.
  3767 | D:4      | 3767 ||| DROPPING +0 hand axe.
  3799 | D:4      | 3799 ||| Stepping ~*~*~tactically~*~*~ (stealth).
  3801 | D:4      | 3801 ||| Stepping ~*~*~tactically~*~*~ (hiding).
  3803 | D:4      | 3803 ||| Stepping ~*~*~tactically~*~*~ (hiding).
  3806 | D:4      | 3806 ||| INVOKING Berserk.
  3808 | D:4      | Reached skill level 9 in Axes
  4097 | D:4      | Found an ornate altar of the Wu Jian Council.
  4252 | D:4      | 4252 ||| READING scroll labelled FESUIPH RUMA.
  4253 | D:4      | 4253 ||| READING 2 scrolls of identify.
  4253 | D:4      | 4253 ||| IDENTIFYING golden potion
  4254 | D:4      | 4254 ||| DROPPING potion of flight.
  4277 | D:5      | Entered Level 5 of the Dungeon
  4280 | D:5      | Noticed Eustachio
  4281 | D:5      | 4281 ||| INVOKING Berserk.
  4283 | D:5      | Killed Eustachio
  4284 | D:5      | Reached XP level 7. HP: 61/61 MP: 6/6
  4296 | D:5      | 4296 ||| STAIRDANCE
  4488 | D:5      | 4488 ||| INVOKING Berserk.
  4497 | D:5      | 4497 ||| DRINKING 2 potions of curing.
  4497 | D:5      | 4497 ||| (to cure confusion)
  4498 | D:5      | 4498 ||| DRINKING potion of curing.
  4498 | D:5      | 4498 ||| (to cure confusion)
  4508 | D:5      | Reached skill level 10 in Axes
  4898 | D:5      | Reached skill level 6 in Fighting
  4905 | D:5      | Found a shimmering blue altar of Sif Muna.
  4915 | D:5      | 4915 ||| INVOKING Berserk.
  5036 | D:5      | 5036 ||| INVOKING Berserk.
  5250 | D:5      | 5250 ||| INVOKING Berserk.
  5252 | D:5      | Reached XP level 8. HP: 70/70 MP: 7/7
  5510 | D:5      | 5510 ||| INVOKING Berserk.
  5515 | D:5      | Reached skill level 11 in Axes
  5700 | D:5      | Found a hide-covered altar of Uskayaw.
  5700 | D:5      | Found a burning altar of Makhleb.
  5755 | D:5      | Noticed Duvessa
  5755 | D:5      | Noticed Dowan
  5756 | D:5      | 5756 ||| INVOKING Berserk.
  5759 | D:5      | Killed Duvessa
  5760 | D:5      | Reached skill level 3 in Armour
  5760 | D:5      | Found a staircase to the Ecumenical Temple.
  5770 | D:5      | Killed Dowan
  5900 | D:5      | 5900 ||| DROPPING +3 leather armour "Buoc" {Will+ Str+2
                  | Int-5}.
  5901 | D:5      | 5901 ||| UPGRADING to +1 chain mail of positive energy.
  5911 | D:5      | 5911 ||| DROPPING +0 scale mail.
  5912 | D:5      | 5912 ||| UPGRADING to ring of protection from cold.
  5913 | D:5      | 5913 ||| READING scroll labelled QINORI LUACEFF.
  5914 | D:5      | 5914 ||| DRINKING 2 ruby potions.
  5915 | D:5      | 5915 ||| READING 2 scrolls of identify.
  5915 | D:5      | 5915 ||| IDENTIFYING smoky cyan potion
  5916 | D:5      | 5916 ||| DROPPING potion of ambrosia.
  5917 | D:5      | 5917 ||| DROPPING potion of brilliance.
  6029 | D:6      | 6029 ||| Stepping ~*~*~tactically~*~*~ (hiding).
  6035 | D:6      | Noticed Prince Ribbit
  6038 | D:6      | 6038 ||| INVOKING Berserk.
  6045 | D:6      | Killed Prince Ribbit
  6061 | D:6      | 6061 ||| Stepping ~*~*~tactically~*~*~ (stealth).
  6292 | D:6      | Reached skill level 12 in Axes
  6347 | D:6      | 6347 ||| Stepping ~*~*~tactically~*~*~ (stealth).
  6449 | D:6      | 6449 ||| FLEEEEING.
  6450 | D:6      | 6450 ||| FLEEEEING.
  6451 | D:6      | 6451 ||| FLEEEEING.
  6452 | D:6      | 6452 ||| FLEEEEING.
  6453 | D:6      | 6453 ||| FLEEEEING.
  6457 | D:6      | 6457 ||| FLEEEEING.
  6458 | D:6      | 6458 ||| FLEEEEING.
  6459 | D:6      | 6459 ||| FLEEEEING.
  6460 | D:6      | 6460 ||| FLEEEEING.
  6461 | D:6      | 6461 ||| FLEEEEING.
  6462 | D:6      | 6462 ||| FLEEEEING.
  6463 | D:6      | 6463 ||| FLEEEEING.
  6464 | D:6      | 6464 ||| FLEEEEING.
  6466 | D:6      | 6466 ||| Stepping ~*~*~tactically~*~*~ (hiding).
  6468 | D:6      | 6468 ||| Stepping ~*~*~tactically~*~*~ (hiding).
  6506 | D:6      | Noticed Blork the orc
  6508 | D:6      | 6508 ||| INVOKING Berserk.
  6511 | D:6      | Killed Blork the orc
  6663 | D:6      | Reached XP level 9. HP: 79/79 MP: 8/8
  6687 | D:6      | 6687 ||| Stepping ~*~*~tactically~*~*~ (stealth).
  6688 | D:6      | 6688 ||| INVOKING Berserk.
  6887 | D:6      | 6887 ||| Stepping ~*~*~tactically~*~*~ (stealth).
  6891 | D:6      | 6891 ||| Stepping ~*~*~tactically~*~*~ (stealth).
  6895 | D:6      | 6895 ||| Stepping ~*~*~tactically~*~*~ (stealth).
  6897 | D:6      | 6897 ||| Stepping ~*~*~tactically~*~*~ (stealth).
  6900 | D:6      | 6900 ||| INVOKING Berserk.
  6910 | D:6      | Reached skill level 13 in Axes
  7026 | D:6      | 7026 ||| DROPPING +0 flail.
  7046 | D:6      | 7046 ||| INVOKING Berserk.
  7294 | D:6      | Noticed Maggie
  7295 | D:6      | 7295 ||| Stepping ~*~*~tactically~*~*~ (hiding).
  7296 | D:6      | 7296 ||| Stepping ~*~*~tactically~*~*~ (hiding).
  7310 | D:6      | Killed Maggie
  7523 | D:6      | Found a runed translucent door.
  7524 | D:6      | Noticed Crazy Yiuf
  7903 | D:6      | 7903 ||| UPGRADING to +0 plate armour.
  7913 | D:6      | 7913 ||| UPGRADING to +0 kite shield.
  7918 | D:6      | 7918 ||| DROPPING +1 chain mail of positive energy.
  7919 | D:6      | 7919 ||| READING scroll labelled UJYOBY YKLO.
  8020 | D:6      | 8020 ||| READING scroll labelled DYEKHUOBLO.
  8021 | D:6      | 8021 ||| READING scroll labelled TEENAU INUSA.
  8180 | D:6      | 8180 ||| READING 6 scrolls of identify.
  8180 | D:6      | 8180 ||| IDENTIFYING sapphire potion
  8181 | D:6      | 8181 ||| READING 5 scrolls of identify.
  8181 | D:6      | 8181 ||| IDENTIFYING murky green potion
  8182 | D:6      | 8182 ||| READING 4 scrolls of identify.
  8182 | D:6      | 8182 ||| IDENTIFYING white potion
  8183 | D:6      | 8183 ||| READING 3 scrolls of identify.
  8183 | D:6      | 8183 ||| IDENTIFYING inky potion
  8184 | D:6      | 8184 ||| DROPPING potion of magic.
  8185 | D:6      | 8185 ||| DROPPING potion of berserk rage.
  8186 | D:6      | 8186 ||| DROPPING potion of attraction.
  8346 | D:7      | Found a shimmering altar of Xom.
  8460 | D:7      | 8460 ||| Stepping ~*~*~tactically~*~*~ (hiding).
  8467 | D:7      | Reached skill level 1 in Shields
  8552 | D:7      | 8552 ||| Stepping ~*~*~tactically~*~*~ (hiding).
  8556 | D:7      | 8556 ||| INVOKING Berserk.
  8561 | D:7      | Reached skill level 3 in Shields
  8683 | D:7      | 8683 ||| Stepping ~*~*~tactically~*~*~ (stealth).
  8684 | D:7      | 8684 ||| Stepping ~*~*~tactically~*~*~ (stealth).
  8790 | D:7      | Found a blossoming altar of Fedhas.
  8870 | D:7      | You fall into a shaft and drop 2 floors!
  8896 | D:9      | 8896 ||| INVOKING Berserk.
  8902 | D:9      | Paralysed by an orc warrior for 5 turns
  8911 | D:9      | HP: 20/82 [orc wizard/puff of flame (1)]
  8912 | D:9      | 8912 ||| READING 5 scrolls of teleportation.
  8914 | D:9      | HP: 7/82 [poisoned by an orc warrior]
  8915 | D:9      | 8915 ||| DRINKING 4 potions of curing.
  8915 | D:9      | 8915 ||| (to cure poison)
  9213 | D:9      | Reached skill level 6 in Shields
  9225 | D:9      | 9225 ||| Stepping ~*~*~tactically~*~*~ (stealth).
  9270 | D:9      | 9270 ||| Stepping ~*~*~tactically~*~*~ (stealth).
  9271 | D:9      | 9271 ||| Stepping ~*~*~tactically~*~*~ (stealth).
  9272 | D:9      | 9272 ||| Stepping ~*~*~tactically~*~*~ (stealth).
  9273 | D:9      | 9273 ||| Stepping ~*~*~tactically~*~*~ (stealth).
  9274 | D:9      | 9274 ||| Stepping ~*~*~tactically~*~*~ (stealth).
  9280 | D:9      | 9280 ||| Stepping ~*~*~tactically~*~*~ (stealth).
  9313 | D:9      | 9313 ||| Stepping ~*~*~tactically~*~*~ (hiding).
  9318 | D:9      | 9318 ||| INVOKING Berserk.
  9390 | D:9      | 9390 ||| Stepping ~*~*~tactically~*~*~ (stealth).
  9391 | D:9      | 9391 ||| Stepping ~*~*~tactically~*~*~ (stealth).
  9392 | D:9      | 9392 ||| Stepping ~*~*~tactically~*~*~ (hiding).
  9396 | D:9      | 9396 ||| INVOKING Berserk.
  9432 | D:9      | 9432 ||| Stepping ~*~*~tactically~*~*~ (stealth).
  9454 | D:9      | 9454 ||| READING scroll labelled MUMATA BORESTRY.
  9455 | D:9      | 9455 ||| READING 3 scrolls of identify.
  9455 | D:9      | 9455 ||| IDENTIFYING pink potion
  9456 | D:9      | 9456 ||| DROPPING potion of degeneration.
  9499 | D:8      | 9499 ||| UPGRADING to amulet of reflection.
  9509 | D:8      | 9509 ||| Stepping ~*~*~tactically~*~*~ (stealth).
  9532 | D:8      | Reached *** piety under Trog
  9533 | D:8      | 9533 ||| DRINKING 3 potions of curing.
  9533 | D:8      | 9533 ||| (to cure confusion)
  9682 | D:8      | 9682 ||| DROPPING amulet of guardian spirit.
  9890 | D:8      | 9890 ||| Stepping ~*~*~tactically~*~*~ (stealth).
  9892 | D:8      | 9892 ||| Stepping ~*~*~tactically~*~*~ (stealth).
  9895 | D:8      | 9895 ||| Stepping ~*~*~tactically~*~*~ (stealth).
  9896 | D:8      | 9896 ||| Stepping ~*~*~tactically~*~*~ (stealth).
  9897 | D:8      | 9897 ||| Stepping ~*~*~tactically~*~*~ (stealth).
  9898 | D:8      | 9898 ||| Stepping ~*~*~tactically~*~*~ (stealth).
  9903 | D:8      | 9903 ||| Stepping ~*~*~tactically~*~*~ (stealth).
  9905 | D:8      | 9905 ||| Stepping ~*~*~tactically~*~*~ (stealth).
  9908 | D:8      | Reached XP level 10. HP: 90/90 MP: 9/9
  9931 | D:8      | 9931 ||| INVOKING Berserk.
  9936 | D:8      | Reached skill level 9 in Shields
  9936 | D:8      | HP: 32/130 [wight/+4 spear (4)]
  9978 | D:8      | 9978 ||| FLEEEEING.
  9979 | D:8      | 9979 ||| Stepping ~*~*~tactically~*~*~ (stealth).
  9980 | D:8      | 9980 ||| INVOKING Berserk.
  9988 | D:8      | Reached skill level 6 in Armour
 10023 | D:8      | 10023 ||| FLEEEEING.
 10025 | D:8      | 10025 ||| FLEEEEING.
 10026 | D:8      | 10026 ||| FLEEEEING.
 10030 | D:8      | 10030 ||| STAIRDANCE
 10280 | D:8      | 10280 ||| Stepping ~*~*~tactically~*~*~ (stealth).
 10298 | D:8      | 10298 ||| READING scroll of enchant armour.
 10298 | D:8      | 10298 ||| ENCHANTING +0 pair of boots.
 10359 | D:8      | 10359 ||| SWAPPING to +0 broad axe.
 10360 | D:8      | 10360 ||| DROPPING +0 war axe.
 10537 | D:8      | 10537 ||| Stepping ~*~*~tactically~*~*~ (stealth).
 10551 | D:8      | Found a staircase to the Lair.
 10762 | D:8      | Identified the +0 leather armour "Akeas" {rPois Regen+
                  | Str+3 Dex-3}
 10870 | D:8      | Found a large runed translucent door.
 10871 | D:8      | Found a large runed translucent door.
 10919 | D:8      | 10919 ||| Stepping ~*~*~tactically~*~*~ (stealth).
 11177 | D:8      | 11177 ||| PLANNING LAIR
 11177 | D:8      | 11177 ||| UPGRADING to ring of protection from cold.
 11178 | D:8      | 11178 ||| READING 2 scrolls labelled SILYACAL SIXECS.
 11179 | D:8      | 11179 ||| READING scroll of enchant weapon.
 11179 | D:8      | 11179 ||| ENCHANTING +1 broad axe.
 11180 | D:8      | 11180 ||| READING scroll labelled ESUN RAIFUHADO.
 11228 | Lair:1   | Entered Level 1 of the Lair of Beasts
 11228 | Lair:1   | Noticed a catoblepas
 11230 | Lair:1   | 11230 ||| Stepping ~*~*~tactically~*~*~ (cloud).
 11233 | Lair:1   | 11233 ||| Stepping ~*~*~tactically~*~*~ (water).
 11235 | Lair:1   | 11235 ||| INVOKING Berserk.
 11238 | Lair:1   | Reached skill level 14 in Axes
 11244 | Lair:1   | Killed a catoblepas
 11553 | Lair:1   | Noticed Gastronok
 11558 | Lair:1   | 11558 ||| INVOKING Berserk.
 11566 | Lair:1   | Killed Gastronok
 11567 | Lair:1   | Reached XP level 11. HP: 95/95 MP: 10/10
 11810 | Lair:1   | 11810 ||| INVOKING Berserk.
 12270 | Lair:1   | 12270 ||| UPGRADING to +3 hat of Pondering {ponderous,
                  | Will+ MP+10 Int+5}.
 12334 | Lair:1   | 12334 ||| READING scroll labelled IDUTWOSTOM.
 12386 | Lair:2   | 12386 ||| Stepping ~*~*~tactically~*~*~ (stealth).
 12387 | Lair:2   | 12387 ||| Stepping ~*~*~tactically~*~*~ (stealth).
 12388 | Lair:2   | 12388 ||| INVOKING Berserk.
 12405 | Lair:2   | Reached skill level 15 in Axes
 12413 | Lair:2   | Reached skill level 9 in Fighting
 12537 | Lair:2   | 12537 ||| INVOKING Berserk.
 12640 | Lair:2   | Noticed a death yak
 12640 | Lair:2   | Noticed a death yak
 12641 | Lair:2   | Noticed a death yak
 12642 | Lair:2   | Noticed a death yak
 12642 | Lair:2   | 12642 ||| Stepping ~*~*~tactically~*~*~ (stealth).
 12642 | Lair:2   | Noticed a death yak
 12643 | Lair:2   | 12643 ||| Stepping ~*~*~tactically~*~*~ (stealth).
 12644 | Lair:2   | Noticed a death yak
 12647 | Lair:2   | 12647 ||| INVOKING Berserk.
 12653 | Lair:2   | Killed a death yak
 12657 | Lair:2   | Killed a death yak
 12658 | Lair:2   | Reached skill level 16 in Axes
 12661 | Lair:2   | Killed a death yak
 12664 | Lair:2   | Killed a death yak
 12666 | Lair:2   | Killed a death yak
 12666 | Lair:2   | Reached **** piety under Trog
 12669 | Lair:2   | Killed a death yak
 12797 | Lair:2   | 12797 ||| READING scroll of enchant weapon.
 12797 | Lair:2   | 12797 ||| ENCHANTING +2 vampiric broad axe.
 12858 | Lair:2   | Reached XP level 12. HP: 101/104 MP: 11/11
 12866 | Lair:2   | 12866 ||| FLEEEEING.
 12867 | Lair:2   | 12867 ||| FLEEEEING.
 12868 | Lair:2   | 12868 ||| FLEEEEING.
 12869 | Lair:2   | 12869 ||| FLEEEEING.
 12870 | Lair:2   | 12870 ||| FLEEEEING.
 12871 | Lair:2   | 12871 ||| FLEEEEING.
 12872 | Lair:2   | 12872 ||| FLEEEEING.
 12873 | Lair:2   | 12873 ||| FLEEEEING.
 12874 | Lair:2   | 12874 ||| FLEEEEING.
 12887 | Lair:2   | 12887 ||| FLEEEEING.
 12900 | Lair:2   | 12900 ||| FLEEEEING.
 12913 | Lair:2   | 12913 ||| FLEEEEING.
 12932 | Lair:2   | 12932 ||| Stepping ~*~*~tactically~*~*~ (hiding).
 12944 | Lair:2   | Reached skill level 17 in Axes
 12996 | Lair:2   | 12996 ||| Stepping ~*~*~tactically~*~*~ (stealth).
 13010 | Lair:2   | Found a staircase to the Snake Pit.
 13529 | Lair:2   | 13529 ||| READING scroll labelled FOVUOK HIVA.
 13529 | Lair:2   | Identified a scroll of acquirement
 13529 | Lair:2   | 13529 ||| ACQUIRING +1 pair of gloves of infusion
 13529 | Lair:2   | Acquired a +1 pair of gloves of infusion
 13531 | Lair:2   | 13531 ||| UPGRADING to +1 pair of gloves of infusion.
 13536 | Lair:2   | 13536 ||| READING 2 scrolls of identify.
 13536 | Lair:2   | 13536 ||| IDENTIFYING viscous emerald potion
 13607 | Lair:3   | Found a staircase to the Shoals.
 13638 | Lair:3   | 13638 ||| INVOKING Berserk.
 13667 | Lair:3   | Reached skill level 9 in Armour
 13765 | Lair:3   | 13765 ||| READING scroll of enchant weapon.
 13765 | Lair:3   | 13765 ||| ENCHANTING +3 vampiric broad axe.
 13768 | Lair:3   | Noticed a six-headed hydra
 13769 | Lair:3   | 13769 ||| INVOKING Brothers in Arms.
 13770 | Lair:3   | 13770 ||| INVOKING Brothers in Arms.
 13771 | Lair:3   | 13771 ||| INVOKING Brothers in Arms.
 13774 | Lair:3   | 13774 ||| SWAPPING to +0 morningstar.
 13775 | Lair:3   | 13775 ||| INVOKING Berserk.
 13778 | Lair:3   | Killed a six-headed hydra
 13790 | Lair:3   | 13790 ||| SWAPPING to +4 vampiric broad axe.
 13816 | Lair:3   | 13816 ||| READING scroll of enchant armour.
 13816 | Lair:3   | 13816 ||| ENCHANTING +1 pair of gloves of infusion.
 13846 | Lair:3   | 13846 ||| Stepping ~*~*~tactically~*~*~ (stealth).
 13847 | Lair:3   | 13847 ||| Stepping ~*~*~tactically~*~*~ (stealth).
 13854 | Lair:3   | 13854 ||| Stepping ~*~*~tactically~*~*~ (stealth).
 14029 | Lair:3   | 14029 ||| Stepping ~*~*~tactically~*~*~ (stealth).
 14035 | Lair:3   | 14035 ||| Stepping ~*~*~tactically~*~*~ (stealth).
 14036 | Lair:3   | 14036 ||| Stepping ~*~*~tactically~*~*~ (stealth).
 14039 | Lair:3   | 14039 ||| Stepping ~*~*~tactically~*~*~ (stealth).
 14060 | Lair:3   | 14060 ||| INVOKING Berserk.
 14069 | Lair:3   | Reached skill level 18 in Axes
 14330 | Lair:3   | 14330 ||| READING scroll of enchant armour.
 14330 | Lair:3   | 14330 ||| ENCHANTING +1 pair of boots.
 14609 | Lair:3   | Identified the +5 short sword "Newtslayer" {spect, rC+
                  | Str+4}
 14895 | Lair:3   | 14895 ||| UPGRADING to ring of protection from fire.
 14926 | Lair:4   | 14926 ||| PLANNING GAUNTLET
 15110 | Lair:4   | Noticed a four-headed hydra
 15111 | Lair:4   | 15111 ||| INVOKING Brothers in Arms.
 15113 | Lair:4   | 15113 ||| SWAPPING to +0 morningstar.
 15114 | Lair:4   | 15114 ||| INVOKING Berserk.
 15116 | Lair:4   | Killed a four-headed hydra
 15121 | Lair:4   | 15121 ||| SWAPPING to +4 vampiric broad axe.
 15246 | Lair:4   | 15246 ||| INVOKING Berserk.
 15367 | Lair:4   | 15367 ||| RIP GAUNTLET
 15373 | Lair:4   | 15373 ||| PLANNING LAIR
 15607 | Lair:4   | Reached skill level 12 in Shields
 15698 | Lair:4   | Noticed a six-headed hydra
 15699 | Lair:4   | 15699 ||| INVOKING Brothers in Arms.
 15700 | Lair:4   | 15700 ||| INVOKING Brothers in Arms.
 15701 | Lair:4   | 15701 ||| INVOKING Brothers in Arms.
 15702 | Lair:4   | 15702 ||| INVOKING Brothers in Arms.
 15703 | Lair:4   | 15703 ||| SWAPPING to +0 morningstar.
 15704 | Lair:4   | 15704 ||| INVOKING Berserk.
 15707 | Lair:4   | Killed a six-headed hydra
 15713 | Lair:4   | 15713 ||| SWAPPING to +4 vampiric broad axe.
 15717 | Lair:4   | Reached XP level 13. HP: 97/116 MP: 12/12
 15951 | Lair:4   | Found a viscous altar of Jiyva.
 15951 | Lair:4   | Found a staircase to the Slime Pits.
 16319 | Lair:4   | Reached skill level 12 in Fighting
 16662 | Lair:4   | 16662 ||| READING 3 scrolls of identify.
 16662 | Lair:4   | 16662 ||| IDENTIFYING purple potion
 16663 | Lair:4   | 16663 ||| DROPPING potion of invisibility.
 16709 | Lair:5   | Entered Level 5 of the Lair of Beasts
 16712 | Lair:5   | 16712 ||| STAIRDANCE
 16785 | Lair:5   | 16785 ||| STAIRDANCE
 16787 | Lair:4   | 16787 ||| SWAPPING to +0 morningstar.
 16788 | Lair:4   | 16788 ||| INVOKING Berserk.
 16788 | Lair:4   | HP: 41/177 [eight-headed hydra (11)]
 16793 | Lair:4   | HP: 19/177 [poisoned by a black mamba]
 16794 | Lair:4   | HP: 7/177 [poisoned by a black mamba]
 16794 | Lair:4   | Slain by a black mamba

Levels and vault maps discovered:
D:1:      onia_arrival_mini_spirals, layout_loops_ring,
          shapermc_ecumenical_altar_petra
D:2:      layout_basic
D:3:      minmay_evil_eye, layout_basic, nicolae_yredelemnul_corpse_copse
D:4:      layout_basic, cheibrodos_ashenzari_chains,
          mainiacjoe_overflow_surrounded_room, uniq_sigmund
D:5:      layout_basic, lemuel_doored_altar, nicolae_overflow_two_pavilions,
          minmay_temple_entry_gardened_gates, uniq_eustachio, uniq_duvessa
D:6:      layout_basic, minmay_quadrilaterals, uniq_blork_the_orc,
          uniq_crazy_yiuf_cottage, uniq_maggie, uniq_prince_ribbit1
D:7:      layout_loops_ring, amcnicky_altar_gilded, mainiacjoe_overflow_brackets
D:8:      layout_basic, jmf_multi_god_temple2, lair_entry_dummy, serial_undead,
          serial_undead_c, serial_undead_c, serial_undead_d, serial_undead_d,
          nicolae_benzene_ring
D:9:      layout_big_octagon, gammafunk_ghost_spectres
Lair:1:   layout_chaotic_city, wad_woods_02, infiniplex_staircase_pool_2,
          lemuel_fruit_tree, uniq_gastronok
Lair:2:   layout_cave_pods, minmay_snake_entry_guardpost_small,
          roderic_carrion_pond
Lair:3:   layout_small_grid, minmay_shoals_entry_hut, lemuel_fruit_fields
Lair:4:   layout_hall_layers, dpeg_slime_entry_enclosed, gauntlet_entry_generic,
          serial_bayou_shore_a
Lair:5:   evilmike_catoblepas_cave, layout_regular_city

Skill      XL: |  1  2  3  4  5  6  7  8  9 10 11 12 13 |
---------------+----------------------------------------+-----
Axes           | 4 5 6 8 9 10 12 13 14 16 18 | 18.0
Fighting       | 5 6 7 8 9 11 12 | 12.0
Armour         | 5 7 8 10 | 10.7
Shields        | 7 9 10 12 | 12.1
Dodging        | 4 |  4.7

Action                   |  1- 3 |  4- 6 |  7- 9 | 10-12 | 13-15 || total
-------------------------+-------+-------+-------+-------+-------++-------
Melee: Hand axe          |    73 |    65 |       |       |       ||   138
       Headbutt          |    12 |    10 |    40 |    82 |    13 ||   157
       Punch             |     1 |       |     3 |       |       ||     4
       War axe           |       |    14 |   234 |    62 |       ||   310
       Broad axe         |       |       |       |   359 |    37 ||   396
       Morningstar       |       |       |       |     8 |     6 ||    14
Invok: Berserk           |       |     5 |    15 |    14 |     1 ||    35
       Brothers in Arms  |       |       |       |     3 |       ||     3
  Use: Scroll            |     8 |     5 |    12 |    11 |     1 ||    37
       Potion            |       |     1 |     5 |       |       ||     6
Armor: Animal skin       |     8 |       |       |       |       ||     8
       Ring mail         |     9 |     4 |       |       |       ||    13
       Scale mail        |       |    19 |    14 |       |       ||    33
       Chain mail        |       |       |    34 |       |       ||    34
       Plate armour      |       |       |    58 |   133 |    50 ||   241
Dodge: Dodged            |    33 |    28 |    83 |    56 |    14 ||   214
       Repelled          |       |       |     2 |     1 |       ||     3
Block: Kite shield       |       |       |    51 |   312 |    50 ||   413
       Reflection        |       |       |     3 |     1 |       ||     4

Table legend:
 A = Non-vault XP
 B = Vault XP
 C = Vault XP percentage of total XP
 D = Non-vault monster count
 E = Vault monster count
 F = Vault count percentage of total count
                 A         B        C        D         E       F
            +---------+---------+-------+---------+---------+-------
      Total |   35475 |    6776 |  16.0 |     243 |      46 |  15.9
            +---------+---------+-------+---------+---------+-------
        D:1 |      23 |       0 |   0.0 |      13 |       0 |   0.0
        D:2 |      17 |       0 |   0.0 |      10 |       0 |   0.0
        D:3 |      27 |      48 |  64.0 |       9 |       7 |  43.8
        D:4 |     303 |     214 |  41.4 |      27 |       1 |   3.6
        D:5 |     760 |     418 |  35.5 |      15 |       3 |  16.7
        D:6 |     942 |    1243 |  56.9 |      24 |       9 |  27.3
        D:7 |     570 |       0 |   0.0 |       8 |       0 |   0.0
        D:8 |    1951 |    1221 |  38.5 |      24 |      12 |  33.3
        D:9 |     708 |       0 |   0.0 |      14 |       0 |   0.0
     Lair:1 |    2227 |    2456 |  52.4 |      10 |       5 |  33.3
     Lair:2 |    9177 |     917 |   9.1 |      26 |       8 |  23.5
     Lair:3 |    8694 |     259 |   2.9 |      31 |       1 |   3.1
     Lair:4 |   10076 |       0 |   0.0 |      32 |       0 |   0.0
            +---------+---------+-------+---------+---------+-------
